 Dungeon Crawl Stone Soup version 0.23.1 (webtiles) character file.

Game seed: 13779910812970890997

631 Chiseanne the Magician (level 7, -1/46 HPs)
             Began as a Demonspawn Wizard on Mar 7, 2019.
             Was an Initiate of Gozag.
             Slain by a centaur (7 damage)
             ... on level 5 of the Dungeon.
             The game lasted 00:12:33 (6117 turns).

Chiseanne the Magician (Demonspawn Wizard)          Turns: 6117, Time: 00:12:34

Health: -1/46      AC:  4    Str:  8    XL:     7   Next: 24%
Magic:  1/15       EV: 12    Int: 21    God:    Gozag
Gold:   132        SH:  0    Dex: 11    Spells: 8/17 levels left

rFire    . . .     SeeInvis .   a - +3 dagger (drain)
rCold    . . .     Gourm    .   (no shield)
rNeg     . . .     Faith    .   i - +0 robe
rPois    .         Spirit   .   b - +1 hat
rElec    .         Reflect  .   (no cloak)
rCorr    .         Harm     .   (no gloves)
MR       .....                  (no boots)
Stlth    +++.......             (no amulet)
HPRegen  0.15/turn              k - +1 ring of protection
MPRegen  0.14/turn              (no ring)

@: very slightly contaminated
A: antennae 2, nightstalker 1, powered by death 1
a: Potion Petition, Call Merchant, Bribe Branch, Renounce Religion


You were on level 5 of the Dungeon.
You worshipped Gozag.
Gozag was aware of your devotion.
You were very hungry.

You visited 2 branches of the dungeon, and saw 6 of its levels.

You collected 178 gold pieces.
You paid 46 gold pieces to Gozag.

Inventory:

Hand Weapons
 a - a +3 dagger of draining (weapon)
 v - a +1 hunting sling of velocity
Missiles
 c - 42 arrows
 g - 7 tomahawks
 h - 204 stones (quivered)
 p - 15 poisoned needles
 r - 33 bolts
Armour
 b - a +1 hat (worn)
 i - a +0 robe (worn)
 j - a +0 buckler
Jewellery
 k - a +1 ring of protection (left hand)
 q - an uncursed ring of protection from fire
 x - an uncursed ring of flight
Wands
 f - a wand of paralysis (2)
 o - a wand of random effects (42)
Scrolls
 m - 3 scrolls of remove curse
 s - a scroll of amnesia
 B - a scroll of teleportation
Potions
 l - a potion of ambrosia {unknown}
 n - 4 potions of heal wounds
 t - 3 potions of curing
 u - a potion of cancellation {unknown}
 w - a potion of brilliance {unknown}
Comestibles
 d - 8 rations


   Skills:
 - Level 1.7 Dodging
 - Level 1.7 Stealth
 * Level 5.9 Spellcasting
 * Level 5.5 Conjurations
   Level 1.0 Summonings
 - Level 0.8 Translocations


You had 8 spell levels left.
You knew the following spells:

 Your Spells              Type           Power        Failure   Level  Hunger
a - Magic Dart            Conj           ####         1%          1    None
b - Conjure Flame         Conj/Fire      ###.....     10%         3    ##.....
c - Blink                 Tloc           N/A          11%         2    None
d - Mephitic Cloud        Conj/Pois/Air  ##......     14%         3    ##.....

Your spell library contained the following spells:

 Spells                   Type           Power        Failure   Level  Hunger
 Searing Ray              Conj           ####..       1%          2    None
 Call Imp                 Summ           ##......     10%         2    None
 Dazzling Spray           Conj/Hex       ###...       10%         3    ##.....
 Iskenderun's Mystic Bla  Conj           ####....     10%         4    ####...
 Slow                     Hex            #.......     16%         2    None
 Force Lance              Conj/Tloc      ###.....     26%         4    ####...
 Fulminant Prism          Conj/Hex       ###.......   30%         4    ####...


Dungeon Overview and Level Annotations

Branches:
Dungeon (5/15)             Temple (1/1) D:4

Altars:
Cheibriados
Dithmenos
Fedhas
Gozag
Hepliaklqana
Makhleb
Trog
Wu Jian
Zin
The Shining One


Innate Abilities, Weirdness & Mutations

You have a pair of antennae on your head.
You are slightly more attuned to the shadows.
You regenerate a little health from kills.


Message History

The centaur is severely wounded.
Casting: Magic Dart (safe; 1% risk of failure)
Confirm with . or Enter, or press ? or * to list all spells.
Aiming: Magic Dart (safe; 1% risk of failure)
Press: ? - help, Shift-Dir - straight line, f/p - centaur
Aim: a centaur (severely wounded, confused, lightly drained)
The magic dart hits the centaur.
The centaur is almost dead.
Casting: Magic Dart (safe; 1% risk of failure)
Confirm with . or Enter, or press ? or * to list all spells.
You don't have enough magic to cast that spell.
You hit the centaur but do no damage.
The centaur is almost dead.
Casting: Magic Dart (safe; 1% risk of failure)
Confirm with . or Enter, or press ? or * to list all spells.
You don't have enough magic to cast that spell.
The centaur barely misses you. The centaur hits you!
You die...
Your body crumbles into a pile of gold.

.# .. ....... #.
#.#.... . .##.
##..#.. .. ...
....###
..##.###..#..#
........#...###
.##.##$.@c.#..#
#..(....#...#.
.####........#.#
....(.......#...
##.##.#....%...
$ # #[##.##.#..
#....<..#..
####.#### ....


You could see a centaur (confused).

Vanquished Creatures
  Sigmund (D:2)
  2 ogres (D:4)
  Ijyb (D:4)
  Natasha (thrice) (D:3)
  2 worker ants
  A howler monkey skeleton (D:4)
  5 adders
  An ooze (D:2)
  2 worms
  2 dart slugs
  A leopard gecko (D:3)
  6 orcs
  4 giant cockroaches
  6 goblins
  11 hobgoblins
  3 jackals (D:2)
  10 kobolds
  4 quokkas
  4 ball pythons
  3 bats
  6 frilled lizards
  A leopard gecko skeleton (D:5)
  5 rats
84 creatures vanquished.

Notes
Turn   | Place    | Note
-------+----------+-------------------------------------------
     0 | D:1      | Chiseanne the Demonspawn Wizard began the quest for the
                  | Orb.
     0 | D:1      | Reached XP level 1. HP: 13/13 MP: 4/4
   804 | D:1      | Gained mutation: You regenerate a little health from kills.
                  | [demonic ancestry]
   804 | D:1      | Reached XP level 2. HP: 8/19 MP: 0/6
  1565 | D:2      | Reached XP level 3. HP: 24/24 MP: 2/8
  1623 | D:2      | Learned a level 3 spell: Mephitic Cloud
  1895 | D:2      | Noticed Sigmund
  2634 | D:2      | Reached XP level 4. HP: 21/30 MP: 1/9
  3392 | D:2      | Killed Sigmund
  3392 | D:2      | Gained mutation: You have a pair of small antennae on your
                  | head. [demonic ancestry]
  3392 | D:2      | Reached XP level 5. HP: 35/35 MP: 1/12
  3523 | D:3      | Noticed Natasha
  3527 | D:3      | Killed Natasha
  3561 | D:3      | Gained mutation: You are slightly more attuned to the
                  | shadows. [demonic ancestry]
  3561 | D:3      | Reached XP level 6. HP: 41/41 MP: 10/13
  3666 | D:3      | Noticed Natasha
  3673 | D:3      | Killed Natasha
  3673 | D:3      | Reached skill level 5 in Spellcasting
  4135 | D:3      | Noticed Natasha
  4151 | D:3      | Killed Natasha
  4513 | D:3      | Found a glowing silver altar of Zin.
  4857 | D:4      | Noticed Ijyb
  4875 | D:4      | Paralysed by Ijyb for 4 turns
  4882 | D:4      | Killed Ijyb
  4969 | D:4      | Learned a level 2 spell: Blink
  5007 | D:4      | Found a blossoming altar of Fedhas.
  5012 | D:4      | Learned a level 3 spell: Conjure Flame
  5480 | D:4      | Found a staircase to the Ecumenical Temple.
  5526 | D:4      | Reached skill level 5 in Conjurations
  5526 | D:4      | Gained mutation: You have a pair of antennae on your head.
                  | [demonic ancestry]
  5526 | D:4      | Reached XP level 7. HP: 46/46 MP: 0/15
  5783 | D:4      | Found a shadowy altar of Dithmenos.
  5791 | Temple   | Entered the Ecumenical Temple
  5824 | Temple   | Became a worshipper of Gozag Ym Sagoz the Greedy
  6057 | D:5      | Entered Level 5 of the Dungeon
  6117 | D:5      | Slain by a centaur

Skill      XL: |  1  2  3  4  5  6 |
---------------+-------------------+-----
Conjurations   | 2 4 5 |  5.5
Spellcasting   | 4 5 |  5.9
Dodging        | |  1.7
Stealth        | |  1.7
Summonings     | |  1.0
Translocations | |  0.8

Action                   |  1- 3 |  4- 6 |  7- 9 || total
-------------------------+-------+-------+-------++-------
Melee: Unarmed           |     4 |       |       ||     4
       Club              |    46 |     6 |       ||    52
       Short sword       |       |    16 |       ||    16
       Dagger            |       |    33 |     9 ||    42
 Cast: Magic Dart        |    97 |   107 |    21 ||   225
       Mephitic Cloud    |     2 |     8 |     1 ||    11
       Blink             |       |     2 |       ||     2
  Use: Scroll            |     7 |     3 |     2 ||    12
       Potion            |     2 |       |       ||     2
 Stab: Sleeping          |     1 |     2 |       ||     3
       Confused          |     2 |     4 |       ||     6
  Eat: Chunk             |     3 |     5 |     1 ||     9
       Ration            |     1 |     1 |       ||     2
Armor: Robe              |    10 |     9 |     1 ||    20
Dodge: Dodged            |    70 |    43 |    11 ||   124
